 Dungeon Crawl Stone Soup version 0.31.0-11-ge490571c62 (webtiles) character file.

Game seed: 15868072417152728558

43 qw the Shooter (level 3, 0/20 HPs)
             Began as a Deep Elf Hunter on Feb 3, 2024.
             Succumbed to their own poison gas
             ... on level 1 of the Dungeon.
             The game lasted 00:00:03 (850 turns).

qw the Shooter (Deep Elf Hunter)                     Turns: 850, Time: 00:00:03

Health: 0/20       AC:  5    Str: 10    XL:     3   Next: 37%
Magic:  5/5        EV: 11    Int: 13    God:
Gold:   19         SH:  0    Dex: 18    Spells: 2/2 levels left

rFire   . . .        a - +0 shortbow
rCold   . . .        (shield currently unavailable)
rNeg    . . .        g - +0 ring mail
rPois   .            (no helmet)
rElec   .            (no cloak)
rCorr   .            (no gloves)
SInv    .            (no boots)
Will    +....        (no amulet)
Stlth   +            d - ring of willpower
HPRegen 0.23/turn    (no ring)
MPRegen 0.09/turn

%: no passive effects
@: lethally poisoned (0 -> -7)
A: no striking features
a: no special abilities


You were on level 1 of the Dungeon.
You visited 1 branch of the dungeon, and saw 1 of its levels.

You collected 19 gold pieces.


   Skills:
 - Level 1.5 Fighting
 + Level 6.9 Ranged Weapons
 - Level 2.4 Dodging
 - Level 1.2 Stealth


You had 2 spell levels left.
You didn't know any spells.
Your spell library was empty.

Inventory:

Hand Weapons
 a - a +0 shortbow (weapon)
Armour
 g - a +0 ring mail (worn)
Jewellery
 d - a ring of willpower (left hand)
Scrolls
 f - 2 scrolls of identify

Dungeon Overview and Level Annotations

Branches:
Dungeon (1/15)

Altars:


Message History

The air fills with toxic fumes!
As you read the scroll labelled XUBLIR QEARYTAIXKE, it crumbles to dust.
It was a scroll of poison.
Done exploring.
843 ||| READING 3 scrolls labelled VUMONO NEOSHA.
As you read the scroll labelled VUMONO NEOSHA, it crumbles to dust.
It is a scroll of identify.
843 ||| IDENTIFYING metallic black potion
h - a potion of brilliance Done exploring.
844 ||| DROPPING scroll of butterflies.
You drop a scroll of butterflies.
Done exploring.
845 ||| DROPPING potion of brilliance.
You drop a potion of brilliance.
Done exploring.
What level of the Dungeon? (default 1, ? - help) Sorry, I don't know how to get there.
Enter note:
Enter note:
Enter note:
Enter note:
Enter note:
Enter note:
Enter note:
Enter note:
Enter note:
Enter note:
Enter note:
Enter note: You are engulfed in poison gas.
You are poisoned.
You feel very sick.
847 ||| Stepping ~*~*~tactically~*~*~ (cloud).
You feel very sick.
Things that are here:
a potion of brilliance; a scroll of butterflies; a +0 leather armour
There is a lethal amount of poison in your body!
You feel sick.
There is a lethal amount of poison in your body!
You feel sick.
There is a lethal amount of poison in your body!
You die...

### ########¤#
#¤000¤¤0@#
#.######0# #.# #0#
##### #.# #¤#
....# #.# #¤#
###.# #.# #¤#
###.# #.#### #0#
..#.######...# #0#
.##....)...#.###.#


There were no monsters in sight!

Vanquished Creatures
  2 dart slugs (D:1)
  5 ball pythons (D:1)
  4 bats (D:1)
  5 endoplasms (D:1)
  A giant cockroach (D:1)
  2 goblins (D:1)
  2 hobgoblins (D:1)
  3 jackals (D:1)
  A quokka (D:1)
  6 kobolds (D:1)
  2 rats (D:1)
33 creatures vanquished.

Notes
Turn   | Place    | Note
-------+----------+-------------------------------------------
     0 | D:1      | qw the Deep Elf Hunter began the quest for the Orb.
     0 | D:1      | Reached XP level 1. HP: 12/12 MP: 3/3
     0 | D:1      | 0 ||| qw: Version: 0.3-a-158-g18b3111
     0 | D:1      | 0 ||| qw: Game counter: 4235
     0 | D:1      | 0 ||| qw: Melee chars always use a shield: true
     0 | D:1      | 0 ||| qw: God list: Okawaru
     0 | D:1      | 0 ||| qw: Allow faded altars: false
     0 | D:1      | 0 ||| qw: Do Orc after clearing Dungeon:15 true
     0 | D:1      | 0 ||| qw: Do second Lair branch before Depths: true
     0 | D:1      | 0 ||| qw: Lair rune preference: random
     0 | D:1      | 0 ||| qw: Goals: Normal
     0 | D:1      | 0 ||| PLANNING D:1-11
    48 | D:1      | Reached XP level 2. HP: 16/16 MP: 4/4
    59 | D:1      | Reached skill level 6 in Ranged Weapons
   339 | D:1      | Found a faded altar of an unknown god.
   403 | D:1      | Reached XP level 3. HP: 20/20 MP: 5/5
   830 | D:1      | 830 ||| UPGRADING to +0 ring mail.
   840 | D:1      | 840 ||| DROPPING +0 leather armour.
   841 | D:1      | 841 ||| UPGRADING to ring of willpower.
   842 | D:1      | 842 ||| READING scroll labelled XUBLIR QEARYTAIXKE.
   843 | D:1      | 843 ||| READING 3 scrolls labelled VUMONO NEOSHA.
   843 | D:1      | 843 ||| IDENTIFYING metallic black potion
   844 | D:1      | 844 ||| DROPPING scroll of butterflies.
   845 | D:1      | 845 ||| DROPPING potion of brilliance.
   847 | D:1      | 847 ||| Stepping ~*~*~tactically~*~*~ (cloud).
   847 | D:1      | HP: 5/20 [poisoned by you (poison gas)]
   849 | D:1      | HP: 2/20 [poisoned by you (poison gas)]
   850 | D:1      | Succumbed to their own poison gas

Levels and vault maps discovered:
D:1:      minmay_arrival_doors, layout_basic, serial_forest,
          infiniplex_forest_end_double, infiniplex_forest_clump_curved,
          infiniplex_forest_lined_2, infiniplex_forest_lined_2,
          infiniplex_forest_lined_4_way, infiniplex_forest_end_2,
          infiniplex_forest_lined_2, infiniplex_forest_clump_curved,
          infiniplex_forest_fountain,
          hellmonk_ecumenical_altar_pennies_from_heaven, minmay_crystal_water

Skill      XL: |  1  2 |
---------------+-------+-----
Ranged Weapons | 6 |  6.9
Fighting       | |  1.5
Dodging        | |  2.4
Stealth        | |  1.2

Action                     || total
---------------------------++-------
   Fire: Shortbow          ||    88
    Use: Scroll            ||     2
 Armour: Leather armour    ||    11
  Dodge: Dodged            ||    13

Table legend:
 A = Non-vault XP
 B = Vault XP
 C = Vault XP percentage of total XP
 D = Non-vault monster count
 E = Vault monster count
 F = Vault count percentage of total count
                 A         B        C        D         E       F
            +---------+---------+-------+---------+---------+-------
      Total |      62 |       0 |   0.0 |      33 |       0 |   0.0
            +---------+---------+-------+---------+---------+-------
        D:1 |      62 |       0 |   0.0 |      33 |       0 |   0.0
            +---------+---------+-------+---------+---------+-------
